 Dungeon Crawl Stone Soup version 0.31-a0-182-gc5ef74bbde (webtiles) character file.

Game seed: 4642827417070710223

138 qw the Chopper (level 5, -6/32 HPs)
             Began as a Gargoyle Fighter on June 20, 2023.
             Mangled by Blork the orc
             ... wielding a +2 glaive of protection
              (15 damage)
             ... on level 4 of the Dungeon.
             The game lasted 00:01:05 (2291 turns).

qw the Chopper (Gargoyle Fighter)                   Turns: 2291, Time: 00:01:05

Health: -6/32      AC: 14    Str: 21    XL:     5   Next: 21%
Magic:  5/5        EV:  9    Int:  9    God:
Gold:   33         SH:  4    Dex:  9    Spells: 4/4 levels left

rFire   . . .        Y - +0 war axe
rCold   . . .        c - +0 buckler
rNeg    + . .        b - +0 scale mail
rPois   inf          (no helmet)
rElec   +            e - +2 cloak
rCorr   .            (no gloves)
SInv    .            (no boots)
Will    .....        (no amulet) Stlth
                     (no ring)
HPRegen 0.25/turn    (no ring)
MPRegen 0.09/turn

%: no passive effects
@: no status effects
A: sickness immunity, AC +4, negative energy resistance 1, electricity
resistance, torment resistance 1, petrification resistance
a: no special abilities


You were on level 4 of the Dungeon.
You visited 1 branch of the dungeon, and saw 4 of its levels.

You collected 61 gold pieces.
You spent 28 gold pieces at shops.


Innate Abilities, Weirdness & Mutations

You are immune to sickness and miasma.
Your stone body is resilient. (AC +4)
You are immune to poison.
You resist negative energy. (rN+)
You are resistant to electric shocks. (rElec)
You are resistant to unholy torment.
You are immune to petrification.


   Skills:
 - Level 3.2 Fighting
 + Level 4.5 Axes
 - Level 1.0 Throwing
 - Level 3.2 Armour
 - Level 3.2 Shields


You had 4 spell levels left.
You didn't know any spells.
Your spell library was empty.

Inventory:

Hand Weapons
 k - the +2 mace "Killer Klown's Bane" {heavy, rPois}
   (You found it on level 2 of the Dungeon)

   rPois:     It protects you from poison.
 Y - a +0 war axe (weapon)
Missiles
 g - 7 javelins (quivered)
 h - 4 boomerangs
Armour
 b - a +0 scale mail (worn)
 c - a +0 buckler (worn)
 e - a +2 cloak (worn)
Scrolls
 a - 2 scrolls of identify
 j - a scroll of teleportation {unknown}
 o - a scroll of blinking {unknown}
 p - a scroll of amnesia {unknown}
Potions
 d - 3 potions of might
 f - a potion of mutation
 i - a potion of enlightenment
 l - a potion of heal wounds {unknown}
 m - a potion of cancellation {unknown}
 n - a potion of curing {unknown}

Dungeon Overview and Level Annotations

Branches:
Dungeon (3/15)

Altars:
Makhleb

Shops:
D:2 *

Annotations:
D:4 Blork the orc


Message History

A hound comes into view.
Found a burning altar of Makhleb.
You throw a javelin. The javelin barely misses the hound.
You throw a javelin. The javelin pierces through the hound!
The hound is severely wounded.
You slash the hound!
You kill the hound!
You have reached level 5!
You see here a hound corpse.
g - 7 javelins (gained 2)
There is a burning altar of Makhleb here.
Blork the orc comes into view.
He is wielding a +2 glaive of protection.
Blork the orc shouts!
Blork the orc looks satisfied for a moment.
Enter note:
2282 ||| Stepping ~*~*~tactically~*~*~ (hiding).
You start waiting.
Blork the orc is nearby!
Blork the orc gestures at you while chanting.
The puff of frost hits you.
Blork the orc screams, "You are the ugliest creature I've ever seen!"
Blork the orc points at you and mumbles some strange words.
The puff of frost misses you.
Enter note: You closely miss Blork the orc.
Blork the orc hits you with a +2 glaive of protection.
You completely miss Blork the orc. You block Blork the orc's attack.
You barely miss Blork the orc.
Blork the orc hits you with a +2 glaive of protection.
You closely miss Blork the orc.
Blork the orc hits you with a +2 glaive of protection.
Blork the orc looks braver for a moment.
You hit Blork the orc.
Blork the orc is lightly wounded.
Blork the orc hits you with a +2 glaive of protection!
You hit Blork the orc but do no damage.
Blork the orc is lightly wounded.
Blork the orc hits you with a +2 glaive of protection!
You die...

##.## ### ##.# #..#
#)## ####)# ## ##....#
#.# #..#### #..### #.##
#..o.## #..## #.@..#
#...# ###.### ..#..##
##..#.#
####..#######...#.#
....##..##.#...#..####
......#....##........##
........#...###........
.............##........
.............#....#####


You could see Blork the orc.

Vanquished Creatures
  A hound (D:4)
  A jelly (D:4)
  2 worms
  2 dart slugs
  An orc (D:4)
  8 endoplasms
  2 giant cockroaches (D:1)
  5 goblins
  11 hobgoblins
  3 jackals (D:3)
  2 quokkas
  6 ball pythons
  3 bats (D:1)
  5 frilled lizards
  5 kobolds (D:2)
  5 rats
62 creatures vanquished.

Notes
Turn   | Place    | Note
-------+----------+-------------------------------------------
     0 | D:1      | qw the Gargoyle Fighter began the quest for the Orb.
     0 | D:1      | Reached XP level 1. HP: 14/14 MP: 1/1
     0 | D:1      | 0 ||| qw: Version: 0.3-a-9-g12657ce
     0 | D:1      | 0 ||| qw: Game counter: 1390
     0 | D:1      | 0 ||| qw: Always use a shield: true
     0 | D:1      | 0 ||| qw: God list: Okawaru
     0 | D:1      | 0 ||| qw: Allow faded altars: false
     0 | D:1      | 0 ||| qw: Do Orc after D:15 true
     0 | D:1      | 0 ||| qw: Do second Lair branch before Depths: true
     0 | D:1      | 0 ||| qw: Lair rune preference: random
     0 | D:1      | 0 ||| qw: Plans: Normal, Zot:1-4, Slime:5, God:TSO, Crypt,
                  | Tomb, Abyss, Pan, Hells, Win
     0 | D:1      | 0 ||| PLANNING D:1-11
    70 | D:1      | Reached skill level 2 in Axes
   124 | D:1      | 124 ||| Stepping ~*~*~tactically~*~*~ (hiding).
   187 | D:1      | Reached XP level 2. HP: 18/19 MP: 2/2
   592 | D:1      | Reached skill level 3 in Axes
   626 | D:1      | 626 ||| Stepping ~*~*~tactically~*~*~ (stealth).
   633 | D:1      | Reached XP level 3. HP: 21/23 MP: 3/3
   635 | D:1      | 635 ||| Stepping ~*~*~tactically~*~*~ (stealth).
  1074 | D:1      | 1074 ||| DROPPING ring of magical power.
  1075 | D:1      | 1075 ||| DROPPING ring of wizardry.
  1076 | D:1      | 1076 ||| READING 2 scrolls labelled PUALAC RONUEKLA.
  1077 | D:1      | 1077 ||| READING scroll labelled FISUCO DOOPA.
  1115 | D:2      | 1115 ||| Stepping ~*~*~tactically~*~*~ (stealth).
  1116 | D:2      | 1116 ||| Stepping ~*~*~tactically~*~*~ (stealth).
  1147 | D:2      | Found a faded altar of an unknown god.
  1193 | D:2      | 1193 ||| Stepping ~*~*~tactically~*~*~ (stealth).
  1227 | D:2      | 1227 ||| Stepping ~*~*~tactically~*~*~ (hiding).
  1262 | D:2      | 1262 ||| DROPPING +0 club.
  1367 | D:2      | Identified the +2 mace "Killer Klown's Bane" {heavy, rPois}
  1369 | D:2      | 1369 ||| DROPPING +0 whip.
  1466 | D:2      | Reached skill level 1 in Throwing
  1486 | D:2      | 1486 ||| Stepping ~*~*~tactically~*~*~ (hiding).
  1612 | D:2      | 1612 ||| Stepping ~*~*~tactically~*~*~ (stealth).
  1614 | D:2      | 1614 ||| Stepping ~*~*~tactically~*~*~ (hiding).
  1774 | D:2      | Found Ocyicw's General Store.
  1781 | D:2      | Reached XP level 4. HP: 28/28 MP: 4/4
  1783 | D:2      | 1783 ||| SHOPLISTING ring of willpower (350 gold, have 39).
  1783 | D:2      | 1783 ||| BUYING scroll of identify (28 gold).
  1783 | D:2      | Bought a scroll of identify for 28 gold pieces
  2037 | D:2      | 2037 ||| UPGRADING to +2 cloak.
  2042 | D:2      | 2042 ||| READING scroll labelled YZORGH JINY.
  2043 | D:2      | 2043 ||| DRINKING 2 purple potions.
  2044 | D:2      | 2044 ||| READING 2 scrolls of identify.
  2044 | D:2      | 2044 ||| IDENTIFYING pink potion
  2137 | D:3      | You fall into a shaft and drop 1 floor!
  2182 | D:4      | 2182 ||| Stepping ~*~*~tactically~*~*~ (stealth).
  2188 | D:4      | Reached skill level 4 in Axes
  2258 | D:4      | Found a burning altar of Makhleb.
  2262 | D:4      | Reached XP level 5. HP: 32/32 MP: 5/5
  2281 | D:4      | Noticed Blork the orc
  2282 | D:4      | 2282 ||| Stepping ~*~*~tactically~*~*~ (hiding).
  2291 | D:4      | Mangled by Blork the orc

Levels and vault maps discovered:
D:1:      minmay_arrival_cross, layout_loops_corners, minmay_tetromino_s2
D:2:      layout_basic, ebering_ecumenical_altar_petrified, serial_shops, shop,
          minmay_goblin_kobold_house
D:3:      layout_loops_cross, old_standard_altar,
          nicolae_dithmenos_through_a_glass_darkly,
          mainiacjoe_overflow_alcove_2, uniq_ijyb
D:4:      minmay_razor_zed, layout_layer_cave, makhleb_heckhound_becter,
          nicolae_concentric_dashed_squares_wild, uniq_blork_the_orc

Skill      XL: |  1  2  3  4 |
---------------+-------------+-----
Axes           | 2 3 4 |  4.5
Throwing       | 1 |  1.0
Fighting       | |  3.2
Armour         | |  3.2
Shields        | |  3.2

Action                     |  1- 3 |  4- 6 || total
---------------------------+-------+-------++-------
  Melee: War axe           |   140 |    23 ||   163
  Throw: Javelin           |    11 |    18 ||    29
    Use: Scroll            |     2 |     2 ||     4
         Potion            |       |     1 ||     1
 Armour: Scale mail        |    71 |     9 ||    80
  Dodge: Dodged            |    75 |    10 ||    85
  Block: Buckler           |    22 |     2 ||    24

Table legend:
 A = Non-vault XP
 B = Vault XP
 C = Vault XP percentage of total XP
 D = Non-vault monster count
 E = Vault monster count
 F = Vault count percentage of total count
                 A         B        C        D         E       F
            +---------+---------+-------+---------+---------+-------
      Total |     146 |      52 |  26.3 |      56 |       6 |   9.7
            +---------+---------+-------+---------+---------+-------
        D:1 |      48 |       2 |   4.0 |      27 |       1 |   3.6
        D:2 |      36 |       5 |  12.2 |      19 |       4 |  17.4
        D:3 |      12 |       0 |   0.0 |       5 |       0 |   0.0
        D:4 |      50 |      45 |  47.4 |       5 |       1 |  16.7
            +---------+---------+-------+---------+---------+-------
